 Dungeon Crawl Stone Soup version 0.28.0 (webtiles) character file.

Game seed: 17703183553361550481

3988 Erasure the Grappler (level 10, -1/81 HPs)
             Began as a Minotaur Monk on Feb 4, 2022.
             Was a High Priest of Makhleb.
             Slain by a wolf (3 damage)
             ... led by Grum
             ... on level 9 of the Dungeon.
             The game lasted 00:43:36 (9028 turns).

Erasure the Grappler (Minotaur Monk)                Turns: 9028, Time: 00:43:36

Health: -1/81      AC: 16    Str: 20      XL:     10   Next: 3%
Magic:  9/9        EV:  9    Int:  6 (7)  God:    Makhleb [*****.]
Gold:   550        SH:  5    Dex: 12 (13) Spells: 9/9 levels left

rFire   . . .      SeeInvis .     - Unarmed
rCold   . . .      Faith    .   (no shield)
rNeg    . . .      Spirit   .   t - +0 chain mail
rPois   .          Reflect  +   (helmet restricted)
rElec   .          Harm     .   r - +0 cloak
rCorr   .          Rampage  .   z - +1 pair of gloves
Will    .....      Clarity  +   a - +0 pair of boots
Stlth   ..........              w - amulet of reflection
HPRegen 0.23/turn               (no ring)
MPRegen 0.11/turn               (no ring)

@: no status effects
A: horns 2, retaliatory headbutt, clarity, deterioration 2
a: Renounce Religion, Minor Destruction, Lesser Servant of Makhleb, Major
Destruction, Greater Servant of Makhleb


You were on level 9 of the Dungeon.
You worshipped Makhleb.
Makhleb was extremely pleased with you.
You visited 2 branches of the dungeon, and saw 10 of its levels.
You also visited: Ossuary.

You collected 550 gold pieces.

Inventory:

Hand Weapons
 n - a +2 short sword of speed
 s - a +1 short sword of venom
 x - a +1 dagger of chaos
 C - a +0 vampiric dagger
 I - a +1 short sword of electrocution
 J - a +2 dagger of venom
 P - a +4 spear of freezing
 Q - a +4 great sword of freezing
Missiles
 q - 222 stones
Armour
 a - a +0 pair of boots (worn)
 b - a +2 leather armour of fire resistance
 r - a +0 cloak (worn)
 t - a +0 chain mail (worn)
 z - a +1 pair of gloves (worn)
 E - a +2 kite shield of protection
Magical Staves
 H - a staff of air
Jewellery
 w - an amulet of reflection (around neck)
Wands
 j - a wand of iceblast (16)
 y - a wand of mindburst (15) (quivered)
 B - a wand of acid (12)
 F - a wand of flame (9)
Scrolls
 e - a scroll of acquirement {unknown}
 f - a scroll of holy word {unknown}
 g - a scroll of enchant weapon {unknown}
 h - 3 scrolls of noise {unknown}
 l - 3 scrolls of immolation {unknown}
 p - a scroll of fog {unknown}
 u - 3 scrolls of teleportation {unknown}
 A - 2 scrolls of fear {unknown}
 D - 2 scrolls of amnesia {unknown}
 L - a scroll of magic mapping {unknown}
 M - 2 scrolls of blinking {unknown}
 N - 3 scrolls of vulnerability
Potions
 c - 3 potions of haste
 d - a potion of berserk rage
 i - a potion of resistance {unknown}
 k - 3 potions of attraction
 m - 2 potions of lignification {unknown}
 o - 3 potions of ambrosia
 v - 2 potions of degeneration {unknown}
 G - 2 potions of invisibility {unknown}
 K - a potion of curing
 O - a potion of flight {unknown}


   Skills:
 + Level 5.2 Fighting
 + Level 9.2 Armour
 + Level 5.0 Dodging
 + Level 2.4 Stealth
 + Level 5.6 Shields
 + Level 11.3 Unarmed Combat


You had 9 spell levels left.
You didn't know any spells.
Your spell library contained the following spells:

 Spells                   Type           Power      Damage    Failure   Level
 Magic Dart               Conj           0%         1d3       98%         1
 Call Imp                 Summ           0%         N/A       99%         2
 Mephitic Cloud           Conj/Pois/Air  0%         N/A       100%        3


Dungeon Overview and Level Annotations

Branches:
Dungeon (9/15)             Temple (1/1) D:4         Ossuary (visited)
   Lair: D:8-11         Orc: D:9-12

Altars:
Ashenzari
Cheibriados
Dithmenos
Elyvilon
Fedhas
Gozag
Hepliaklqana
Kikubaaqudgha
Makhleb
Nemelex Xobeh
Okawaru
Qazlal
Ru
Sif Muna
Trog
Uskayaw
Vehumet
Wu Jian
Xom
Yredelemnul
Zin
The Shining One
Ignis

Shops:
D:7 (

Annotations:
D:9 Grum


Innate Abilities, Weirdness & Mutations

You have a pair of horns on your head.
You reflexively headbutt those who attack you in melee.
You possess an exceptional clarity of mind.
Your body often deteriorates upon taking damage.


Message History

* * * LOW HITPOINT WARNING * * *
The wolf bites you but does no damage. The wolf bites you.
* * * LOW HITPOINT WARNING * * *
You feel better. The wolf bites you. The wolf bites you!
* * * LOW HITPOINT WARNING * * *
The wolf bites you.
* * * LOW HITPOINT WARNING * * *
The wolf bites you.
* * * LOW HITPOINT WARNING * * *
The wolf bites you but does no damage. The wolf barely misses you.
You furiously retaliate!
You headbutt the wolf! The wolf barely misses you.
You punch the wolf!
You kill the wolf!
Makhleb accepts your kill.
You feel better. The wolf bites you.
* * * LOW HITPOINT WARNING * * *
The wolf completely misses you. You block Grum's attack.
You have reached level 10!
The wolf closely misses you. You furiously retaliate!
You headbutt the wolf!
You kill the wolf!
Makhleb accepts your kill.
You feel better. The wolf bites you!
* * * LOW HITPOINT WARNING * * *
The wolf barely misses you.
You barely miss the wolf.
The wolf is severely wounded.
You block the wolf's attack. The wolf bites you.
* * * LOW HITPOINT WARNING * * *
You closely miss the wolf. Your headbutt misses the wolf.
The wolf is heavily wounded.
The wolf bites you.
* * * LOW HITPOINT WARNING * * *
The wolf closely misses you. You block the wolf's attack.
The wolf bites you but does no damage. The wolf bites you.
* * * LOW HITPOINT WARNING * * *
The wolf bites you but does no damage. The wolf bites you.
You die...

#................#..
#.....
#...................
#.......)...........
+...###......♣♣♣♣♣♣♣..
#.#####......♣♣♣♣♣♣ .
#.......###.......♣
.............o....♣
............####o.♣
............@..#gh♣ ..
#######+##..hh.#..♣♣....
.......#...o#........
.......#.)..go.......
.......#...#....#.#..
...........#....#....
...........#....# ...
...........#....# ..
................#


You could see Grum, an orc warrior, 2 wolves and an orc.

Vanquished Creatures
  Pikel (D:8)
  The ghost of altcumming the Cleaver, a novice MiFi (D:6)
  A water moccasin (D:7)
  3 ice beasts
  2 black bears
  A necrophage (D:7)
  2 wolves (D:9)
  An ogre (D:5)
  A lemure (D:8)
  2 phantoms
  3 centaurs
  3 kobold brigands
  A bullfrog (D:8)
  3 scorpions
  4 wights (D:8)
  An electric eel (D:7)
  3 howler monkeys (D:7)
  A jelly (D:6)
  A spectral centaur (D:6)
  A crimson imp (D:3)
  A centaur zombie (D:5)
  3 hounds
  2 centaur skeletons
  2 gnoll shamans (D:7)
  An orc priest (D:3)
  Jessica (D:3)
  3 orc wizards
  2 killer bee zombies
  A centaur simulacrum (D:6)
  2 hound skeletons (D:4)
  3 mummies (Ossuary)
  A howler monkey zombie (D:6)
  15 gnolls
  12 adders
  A howler monkey skeleton (D:5)
  A shadow imp (D:6)
  2 ufetubi (D:6)
  4 adder zombies (Ossuary)
  3 worms
  A dart slug (D:3)
  23 orcs
  8 ball pythons
  9 endoplasms
  2 giant cockroaches
  2 gnoll zombies (Ossuary)
  7 goblins
  8 hobgoblins
  2 jackals (D:2)
  19 kobolds
  3 quokkas (D:3)
  8 bats
  A frilled lizard (D:1)
  2 goblin zombies (Ossuary)
  A hobgoblin zombie (Ossuary)
  6 kobold zombies
  An orc zombie (Ossuary)
  2 quokka zombies (Ossuary)
  7 rats
  3 rat zombies
211 creatures vanquished.

Notes
Turn   | Place    | Note
-------+----------+-------------------------------------------
     0 | D:1      | Erasure the Minotaur Monk began the quest for the Orb.
     0 | D:1      | Reached XP level 1. HP: 19/19 MP: 0/0
   134 | D:1      | Reached XP level 2. HP: 27/27 MP: 1/1
   893 | D:2      | Reached XP level 3. HP: 33/33 MP: 2/2
  1126 | D:2      | Reached skill level 4 in Unarmed Combat
  1140 | D:2      | Reached XP level 4. HP: 28/40 MP: 3/3
  2077 | D:3      | Reached XP level 5. HP: 47/47 MP: 4/4
  2151 | D:3      | Noticed Jessica
  2157 | D:3      | Reached skill level 1 in Armour
  2157 | D:3      | Reached skill level 5 in Unarmed Combat
  2861 | D:3      | Killed Jessica
  3015 | D:3      | Found a shimmering altar of Xom.
  3026 | D:3      | Reached XP level 6. HP: 45/53 MP: 5/5
  3026 | D:3      | Found a burning altar of Makhleb.
  3249 | D:3      | Became a worshipper of Makhleb the Destroyer
  3249 | D:3      | Reached * piety under Makhleb
  3249 | D:3      | Reached ** piety under Makhleb
  3465 | D:4      | Reached skill level 6 in Unarmed Combat
  3655 | D:4      | Found a bloodstained altar of Trog.
  3848 | D:4      | Reached XP level 7. HP: 51/60 MP: 6/6
  3997 | D:4      | Found a staircase to the Ecumenical Temple.
  4242 | Temple   | Entered the Ecumenical Temple
  4357 | D:5      | Entered Level 5 of the Dungeon
  4383 | D:5      | Reached skill level 1 in Shields
  4383 | D:5      | Reached skill level 7 in Unarmed Combat
  4480 | D:5      | Reached *** piety under Makhleb
  4536 | D:5      | Reached skill level 5 in Armour
  4651 | D:5      | Reached XP level 8. HP: 40/67 MP: 7/7
  4834 | D:5      | Reached skill level 8 in Unarmed Combat
  5024 | D:5      | Found a shimmering blue altar of Sif Muna.
  5121 | D:5      | You fall into a shaft and drop 1 floor!
  5765 | D:6      | Reached skill level 5 in Fighting
  5816 | D:6      | Found a runed translucent gate.
  5816 | D:6      | Found a runed translucent gate.
  5817 | D:6      | Found a runed translucent gate.
  5819 | D:6      | Noticed altcumming's ghost (novice MiFi)
  5867 | D:6      | HP: 3/68 [altcumming's ghost (9)]
  5868 | D:6      | Killed altcumming's ghost
  5869 | D:6      | Reached skill level 9 in Unarmed Combat
  5903 | D:6      | Reached XP level 9. HP: 7/74 MP: 8/8
  6831 | D:7      | Found Fon Immoi's Weapon Boutique.
  7052 | D:7      | Found a sand-covered staircase.
  7065 | Ossuary  | Entered an ossuary
  7232 | Ossuary  | Reached **** piety under Makhleb
  7460 | D:7      | Gained mutation: Your muscles are strong. (Str +2) [potion
                  | of mutation]
  7460 | D:7      | Gained mutation: You possess an exceptional clarity of
                  | mind. [potion of mutation]
  7460 | D:7      | Gained mutation: You are agile. (Dex +2) [potion of
                  | mutation]
  7460 | D:7      | Gained mutation: You expend magic power (3 MP) to
                  | strengthen your wands. [potion of mutation]
  7570 | D:7      | Found a sacrificial altar of Ru.
  7772 | D:7      | Lost mutation: You are agile. (Dex +2) [potion of mutation]
  7772 | D:7      | Lost mutation: You possess an exceptional clarity of mind.
                  | [potion of mutation]
  7772 | D:7      | Gained mutation: You are agile. (Dex +2) [potion of
                  | mutation]
  7772 | D:7      | Lost mutation: You expend magic power (3 MP) to strengthen
                  | your wands. [potion of mutation]
  7773 | D:7      | Lost mutation: You are agile. (Dex +2) [potion of mutation]
  7773 | D:7      | Lost mutation: Your muscles are strong. (Str +2) [potion of
                  | mutation]
  7773 | D:7      | Gained mutation: Your body sometimes deteriorates upon
                  | taking damage. [potion of mutation]
  7773 | D:7      | Gained mutation: Your body often deteriorates upon taking
                  | damage. [potion of mutation]
  7773 | D:7      | Gained mutation: You possess an exceptional clarity of
                  | mind. [potion of mutation]
  7784 | D:7      | Found an ancient bone altar of Kikubaaqudgha.
  7800 | D:7      | Reached skill level 10 in Unarmed Combat
  7863 | D:7      | Found a shadowy altar of Dithmenos.
  8019 | D:7      | Found a snail-covered altar of Cheibriados.
  8221 | D:7      | Found a glowing golden altar of the Shining One.
  8252 | D:7      | Reached skill level 5 in Shields
  8781 | D:8      | Noticed Pikel
  8793 | D:8      | Killed Pikel
  8794 | D:8      | Reached skill level 5 in Dodging
  8794 | D:8      | Reached skill level 11 in Unarmed Combat
  8812 | D:8      | Reached ***** piety under Makhleb
  8972 | D:9      | Found a hide-covered altar of Uskayaw.
  8992 | D:9      | Noticed Grum
  9017 | D:9      | Reached XP level 10. HP: 13/81 MP: 9/9
  9028 | D:9      | HP: 2/81 [wolf[Grum] (5)]
  9028 | D:9      | Slain by a wolf

Illustrated notes

Levels and vault maps discovered:
D:1:      dpeg_arrival_court, layout_basic
D:2:      layout_loops_ring, minmay_hexomino_c4
D:3:      layout_loops_ring, grunt_temple_overflow_champion_of_chaos,
          kennysheep_path_1, uniq_jessica
D:4:      layout_gridville, amcnicky_altar_gilded, minmay_temple_entry_glass,
          minmay_misc_feat_five, solitary_fountain, kennysheep_generic_room_10
D:5:      layout_cave_pools, mainiacjoe_overflow_alcove_2
D:6:      layout_basic, serial_corexii_hall, chequers_hall_statues_wall_a,
          chequers_hall_statues_corner_a, gammafunk_ghost_necromancy
D:7:      layout_basic, mainiacjoe_overflow_big_doors, nicolae_overflow_squiral,
          nicolae_ru_awakened_eye, enter_ossuary_3, serial_shops,
          nicolae_shop_statue_plus
D:8:      layout_basic, erik_lair_island, centaur_isle, uniq_pikel
D:9:      layout_basic, mainiacjoe_overflow_chevrons, hangedman_decor_points,
          uniq_grum
Temple:   pdpol_scorched_temple

Skill      XL: |  1  2  3  4  5  6  7  8  9 |
---------------+----------------------------+-----
Fighting       | 4 5 |  5.2
Dodging        | 4 5 |  5.0
Unarmed Combat | 4 5 6 7 9 11 | 11.3
Stealth        | 2 |  2.4
Armour         | 2 4 5 7 9 |  9.2
Shields        | 2 3 5 |  5.6

Action                   |  1- 3 |  4- 6 |  7- 9 | 10-12 || total
-------------------------+-------+-------+-------+-------++-------
Melee: Unarmed           |    89 |   163 |   381 |     2 ||   635
       Headbutt          |    11 |    26 |    78 |       ||   115
       Punch             |     2 |     5 |    15 |       ||    22
  Use: Scroll            |       |       |     5 |       ||     5
       Potion            |       |       |    11 |       ||    11
 Stab: Sleeping          |     2 |       |       |       ||     2
Armor: Robe              |     3 |       |       |       ||     3
       Ring mail         |    21 |    14 |       |       ||    35
       Chain mail        |       |    42 |   198 |     2 ||   242
Dodge: Dodged            |    42 |    68 |   164 |     3 ||   277
Block: Other             |       |    10 |    99 |     2 ||   111
       Reflection        |       |       |     5 |       ||     5
